| TOP OF THE 1ST |
|
Baltimore Orioles batting - Pitching for Montreal Expos : RHP Cheng-ho Hsu
|
|
Pitching: RHP Cheng-ho Hsu
|
|
|
Batting: SHB Robbie Rogers
|
0-0: Foul Ball, location: 2F 0-1: Called Strike 0-2: Fly out, F8 (Line Drive, 78M, EV 95.0 MPH)
|
|
Batting: RHB Bobby Ayala
|
0-0: Ball 1-0: Called Strike 1-1: SINGLE (Groundball, P, EV 85.0 MPH) (infield hit)
|
|
Batting: RHB Rudo Garciaparra
|
0-0: Called Strike Bobby Ayala steals 2nd base (no throw) 0-1: Foul Ball, location: 2F 0-2: Ball 1-2: Ground out 3-1 (Groundball, 13, EV 81.9 MPH) Bobby Ayala to third
|
|
Batting: RHB Saimei Kudo
|
0-0: Fly out, F6 (Line Drive, 6, EV 63.8 MPH)
|
| Top of the 1st over - 0 runs, 1 hit, 0 errors, 1 left on base; Baltimore 0 - Montreal 0 |
| BOTTOM OF THE 1ST |
|
Montreal Expos batting - Pitching for Baltimore Orioles : LHP Lennart Hjelm
|
|
Pitching: LHP Lennart Hjelm
|
|
|
Batting: RHB John Ham
|
0-0: Ground out 5-3 (Groundball, 56, EV 88.8 MPH)
|
|
Batting: RHB Steve French
|
0-0: Swinging Strike 0-1: Ball 1-1: Called Strike 1-2: Strikes out swinging
|
|
Batting: SHB Joey Pacheco
|
0-0: Called Strike 0-1: Foul Ball, location: 2F 0-2: Strikes out swinging
|
| Bottom of the 1st over - 0 runs, 0 hits, 0 errors, 0 left on base; Baltimore 0 - Montreal 0 |
| TOP OF THE 2ND |
|
Baltimore Orioles batting - Pitching for Montreal Expos : RHP Cheng-ho Hsu
|
|
Batting: SHB Jason Hayes
|
0-0: Foul Ball, location: 2F 0-1: Ball 1-1: Foul Ball, location: 2F 1-2: Fly out, F9 (Flyball, 9S, EV 91.2 MPH)
|
|
Batting: RHB Raul Mendoza
|
0-0: Ball 1-0: SINGLE (Groundball, 4M, EV 97.5 MPH) (infield hit)
|
|
Batting: RHB Travis Leonard
|
0-0: Ball 1-0: Called Strike Raul Mendoza steals 2nd base 1-1: Called Strike 1-2: Strikes out swinging
|
|
Batting: SHB Eduardo Maldonado
|
0-0: Ball 1-0: Fly out, F8 (Flyball, 78XD, EV 114.4 MPH)
|
| Top of the 2nd over - 0 runs, 1 hit, 0 errors, 1 left on base; Baltimore 0 - Montreal 0 |
| BOTTOM OF THE 2ND |
|
Montreal Expos batting - Pitching for Baltimore Orioles : LHP Lennart Hjelm
|
|
Batting: RHB Jonathan Fraire
|
0-0: Ball 1-0: Ball 2-0: Called Strike 2-1: Foul Ball, location: 2F 2-2: Ball 3-2: Fly out, F8 (Flyball, 8LD, EV 86.9 MPH)
|
|
Batting: RHB Tommy Mize
|
0-0: Called Strike 0-1: Fly out, F3 (Line Drive, 3L, EV 71.2 MPH)
|
|
Batting: LHB Austin Ohmer
|
0-0: Called Strike 0-1: Foul Ball, location: 2F 0-2: Ball 1-2: Ball 2-2: Foul Ball, location: 2F 2-2: Ball 3-2: Base on Balls
|
|
Batting: RHB Tommie Eaton
|
0-0: Called Strike 0-1: Foul Ball, location: 2F 0-2: SINGLE (Flyball, 78S, EV 93.1 MPH) Austin Ohmer to second
|
|
Batting: RHB Eugênio Asceno
|
0-0: Swinging Strike 0-1: Swinging Strike 0-2: Strikes out swinging
|
| Bottom of the 2nd over - 0 runs, 1 hit, 0 errors, 2 left on base; Baltimore 0 - Montreal 0 |
| TOP OF THE 3RD |
|
Baltimore Orioles batting - Pitching for Montreal Expos : RHP Cheng-ho Hsu
|
|
Batting: RHB Luis Ramos
|
0-0: Ground out 5-3 (Groundball, 56, EV 83.8 MPH)
|
|
Batting: SHB Robbie Rogers
|
0-0: Foul Ball, location: 2F 0-1: Ball 1-1: Swinging Strike 1-2: Strikes out swinging
|
|
Batting: RHB Bobby Ayala
|
0-0: Ball 1-0: Ball 2-0: Swinging Strike 2-1: Foul Ball, location: 2F 2-2: Ground out 6-3 (Groundball, 6, EV 83.8 MPH)
|
| Top of the 3rd over - 0 runs, 0 hits, 0 errors, 0 left on base; Baltimore 0 - Montreal 0 |
| BOTTOM OF THE 3RD |
|
Montreal Expos batting - Pitching for Baltimore Orioles : LHP Lennart Hjelm
|
|
Batting: RHB Danny Diaz
|
0-0: Ball 1-0: Called Strike 1-1: SINGLE (Groundball, 4MS, EV 64.4 MPH) (infield hit)
|
|
Batting: RHB John Ham
|
0-0: Foul Ball, location: 2F 0-1: Ball 1-1: Called Strike 1-2: Fly out, F6 (Line Drive, 6, EV 63.8 MPH)
|
|
Batting: RHB Steve French
|
0-0: Ball 1-0: Foul Ball, location: 2F 1-1: Grounds into double play, 4-6-3 (Groundball, 4, EV 83.8 MPH)
|
| Bottom of the 3rd over - 0 runs, 1 hit, 0 errors, 0 left on base; Baltimore 0 - Montreal 0 |
| TOP OF THE 4TH |
|
Baltimore Orioles batting - Pitching for Montreal Expos : RHP Cheng-ho Hsu
|
|
Batting: RHB Rudo Garciaparra
|
0-0: Called Strike 0-1: Ball 1-1: Called Strike 1-2: Strikes out looking
|
|
Batting: RHB Saimei Kudo
|
0-0: Ball 1-0: Ball 2-0: Fly out, F9 (Flyball, 89S, EV 94.4 MPH)
|
|
Batting: SHB Jason Hayes
|
0-0: Foul Ball, location: 2F 0-1: SOLO HOME RUN (Flyball, 89XD, EV 113.1 MPH), Distance : 423 ft
|
|
Batting: RHB Raul Mendoza
|
0-0: Reached on error, E6 (Groundball, 6, EV 81.9 MPH)
|
|
Batting: RHB Travis Leonard
|
0-0: Ball 1-0: Called Strike 1-1: Called Strike 1-2: SINGLE (Line Drive, 89S, EV 105.0 MPH) Raul Mendoza to second
|
|
Batting: SHB Eduardo Maldonado
|
0-0: Called Strike 0-1: Foul Ball, location: 2F 0-2: Foul Ball, location: 2F 0-2: Foul Ball, location: 2F 0-2: Foul Ball, location: 2F 0-2: Foul Ball, location: 2F 0-2: Ball 1-2: Fly out, F9 (Flyball, 9LSF, EV 88.1 MPH)
|
| Top of the 4th over - 1 run, 2 hits, 1 error, 2 left on base; Baltimore 1 - Montreal 0 |
| BOTTOM OF THE 4TH |
|
Montreal Expos batting - Pitching for Baltimore Orioles : LHP Lennart Hjelm
|
|
Batting: SHB Joey Pacheco
|
0-0: Ball 1-0: Called Strike 1-1: Fly out, F3 (Popup, 3S, EV 66.2 MPH)
|
|
Batting: RHB Jonathan Fraire
|
0-0: Foul Ball, location: 2F 0-1: Ball 1-1: Ball 2-1: Swinging Strike 2-2: Strikes out looking
|
|
Batting: RHB Tommy Mize
|
0-0: Ball 1-0: Called Strike 1-1: Ground out 5-3 (Groundball, 56S, EV 86.2 MPH)
|
| Bottom of the 4th over - 0 runs, 0 hits, 0 errors, 0 left on base; Baltimore 1 - Montreal 0 |
| TOP OF THE 5TH |
|
Baltimore Orioles batting - Pitching for Montreal Expos : RHP Cheng-ho Hsu
|
|
Batting: RHB Luis Ramos
|
0-0: Ball 1-0: Called Strike 1-1: Ball 2-1: Swinging Strike 2-2: Ball 3-2: Strikes out looking
|
|
Batting: SHB Robbie Rogers
|
0-0: Called Strike 0-1: Ball 1-1: TRIPLE (Flyball, 78XD, EV 101.9 MPH)
|
|
Batting: RHB Bobby Ayala
|
0-0: Called Strike 0-1: Ball 1-1: Ball 2-1: Called Strike 2-2: Fly out, F7 (Flyball, 78D, EV 102.5 MPH) Runner from 3rd tags up, SCORES, no throw by LF
|
|
Batting: RHB Rudo Garciaparra
|
0-0: Ball 1-0: Ball 2-0: Ball 3-0: Called Strike 3-1: Base on Balls
|
|
Batting: RHB Saimei Kudo
|
0-0: Called Strike 0-1: Ball Rudo Garciaparra is caught stealing 2nd base 2-4
|
| Top of the 5th over - 1 run, 1 hit, 0 errors, 0 left on base; Baltimore 2 - Montreal 0 |
| BOTTOM OF THE 5TH |
|
Montreal Expos batting - Pitching for Baltimore Orioles : LHP Lennart Hjelm
|
|
Batting: LHB Austin Ohmer
|
0-0: Ball 1-0: Ball 2-0: Ball 3-0: Swinging Strike 3-1: Base on Balls
|
|
Batting: RHB Tommie Eaton
|
0-0: Called Strike 0-1: Ball 1-1: Hit by Pitch Austin Ohmer to second
|
|
Batting: RHB Eugênio Asceno
|
0-0: Ball 1-0: Ground out U3 (Groundball, 3S, EV 73.1 MPH) Austin Ohmer to third Tommie Eaton to second
|
|
Batting: RHB Danny Diaz
|
0-0: Foul Ball, location: 2F 0-1: Ball 1-1: Ground out 6-3 (Groundball, 6, EV 87.5 MPH) Austin Ohmer scores Tommie Eaton to third
|
|
Batting: RHB John Ham
|
0-0: Ground out 5-3 (Groundball, 5S, EV 67.5 MPH)
|
| Bottom of the 5th over - 1 run, 0 hits, 0 errors, 1 left on base; Baltimore 2 - Montreal 1 |
| TOP OF THE 6TH |
|
Baltimore Orioles batting - Pitching for Montreal Expos : RHP Cheng-ho Hsu
|
|
Batting: RHB Saimei Kudo
|
0-0: Foul Ball, location: 2F 0-1: Foul Ball, location: 2F 0-2: Ball 1-2: Foul Ball, location: 2F 1-2: Ball 2-2: Ground out 5-3 (Groundball, 56, EV 105.6 MPH)
|
|
Batting: SHB Jason Hayes
|
0-0: DOUBLE (Line Drive, 7LM, EV 100.0 MPH)
|
|
Batting: RHB Raul Mendoza
|
0-0: Called Strike 0-1: Fly out, F9 (Flyball, 9D, EV 81.2 MPH) Runner from 2nd tags up, SAFE at 3rd, no throw by RF
|
|
Batting: RHB Travis Leonard
|
0-0: Ball 1-0: Called Strike 1-1: DOUBLE (Line Drive, 78D, EV 107.5 MPH) Jason Hayes scores
|
|
Batting: SHB Eduardo Maldonado
|
0-0: Foul Ball, location: 2F 0-1: Foul Ball, location: 2F 0-2: Ground out 4-3 (Groundball, 34D, EV 81.9 MPH)
|
| Top of the 6th over - 1 run, 2 hits, 0 errors, 1 left on base; Baltimore 3 - Montreal 1 |
| BOTTOM OF THE 6TH |
|
Montreal Expos batting - Pitching for Baltimore Orioles : LHP Lennart Hjelm
|
|
Batting: RHB Steve French
|
0-0: SINGLE (Flyball, 6D, EV 96.2 MPH)
|
|
Batting: SHB Joey Pacheco
|
0-0: Ball 1-0: Foul Ball, location: 2F 1-1: Ball 2-1: Foul Ball, location: 2F 2-2: Ball 3-2: Foul Ball, location: 2F 3-2: Base on Balls Steve French to second
|
|
Batting: RHB Jonathan Fraire
|
0-0: Swinging Strike 0-1: Swinging Strike 0-2: Ball 1-2: Ball 2-2: Ball 3-2: Foul Ball, location: 2F 3-2: Base on Balls Steve French to third Joey Pacheco to second
|
|
Batting: RHB Tommy Mize
|
0-0: Called Strike 0-1: Ball 1-1: SINGLE (Groundball, 6D, EV 106.9 MPH) Steve French scores Joey Pacheco to third Jonathan Fraire to second Runner from 3rd tries for Home, SAFE, throw by CF to home
|
|
Batting: LHB Austin Ohmer
|
0-0: Ball 1-0: Called Strike 1-1: Ball 2-1: SINGLE (Line Drive, 89M, EV 96.9 MPH) Jonathan Fraire to third Tommy Mize to second Runner from 3rd tries for Home, SAFE, throw by RF to home
|
|
Batting: RHB Tommie Eaton
|
0-0: Ball 1-0: Foul Ball, location: 2F 1-1: Ball 2-1: Ball 3-1: SINGLE (Groundball, 56D, EV 105.0 MPH) Tommy Mize to third Austin Ohmer to second
|
|
Batting: RHB Eugênio Asceno
|
0-0: Ball 1-0: Ball 2-0: Foul Ball, location: 2F 2-1: Foul Ball, location: 2F 2-2: Grounds into fielders choice 6-2 (Groundball, 6, EV 80.6 MPH) Austin Ohmer to third Tommie Eaton to second
|
|
Batting: RHB Danny Diaz
|
0-0: Ball 1-0: Swinging Strike 1-1: Swinging Strike 1-2: Ball 2-2: Foul Ball, location: 2F 2-2: Foul Ball, location: 2F 2-2: Ball 3-2: Fly out, F7 (Flyball, 7D, EV 85.0 MPH) Runner from 3rd tags up, SCORES, no throw by LF
|
|
Pitching: LHP Marko Emchenko
|
|
|
Batting: RHB John Ham
|
0-0: Called Strike 0-1: TRIPLE (Flyball, 89XD, EV 107.5 MPH) Tommie Eaton scores Eugênio Asceno scores
|
|
Batting: RHB Steve French
|
0-0: Ball 1-0: Foul Ball, location: 2F 1-1: Foul Ball, location: 2F 1-2: Ball 2-2: Ball 3-2: Ground out 6-3 (Groundball, 6S, EV 67.5 MPH)
|
| Bottom of the 6th over - 6 runs, 5 hits, 0 errors, 1 left on base; Baltimore 3 - Montreal 7 |
| TOP OF THE 7TH |
|
Baltimore Orioles batting - Pitching for Montreal Expos : RHP Cheng-ho Hsu
|
|
Batting: RHB Luis Ramos
|
0-0: Called Strike 0-1: Foul Ball, location: 2F 0-2: SINGLE (Groundball, 6MD, EV 100.0 MPH)
|
|
Batting: SHB Robbie Rogers
|
0-0: Called Strike 0-1: Fly out, F8 (Flyball, 8LD, EV 82.5 MPH)
|
|
Batting: RHB Bobby Ayala
|
0-0: Ball 1-0: Ball 2-0: Ball 3-0: Called Strike 3-1: Swinging Strike 3-2: Strikes out swinging
|
|
Batting: RHB Rudo Garciaparra
|
0-0: Ball 1-0: Fly out, F7 (Line Drive, 78M, EV 108.8 MPH)
|
| Top of the 7th over - 0 runs, 1 hit, 0 errors, 1 left on base; Baltimore 3 - Montreal 7 |
| BOTTOM OF THE 7TH |
|
Montreal Expos batting - Pitching for Baltimore Orioles : LHP Marko Emchenko
|
|
Batting: SHB Joey Pacheco
|
0-0: Ball 1-0: Ball 2-0: Ball 3-0: Called Strike 3-1: Foul Ball, location: 2F 3-2: Strikes out swinging
|
|
Batting: RHB Jonathan Fraire
|
0-0: Ball 1-0: Ball 2-0: Called Strike 2-1: Ball 3-1: Foul Ball, location: 2F 3-2: Strikes out swinging
|
|
Batting: RHB Tommy Mize
|
0-0: Ball 1-0: Foul Ball, location: 2F 1-1: Called Strike 1-2: Ball 2-2: Foul Ball, location: 2F 2-2: Ball 3-2: Base on Balls
|
|
Batting: LHB Austin Ohmer
|
0-0: Swinging Strike 0-1: Fly out, F8 (Line Drive, 8RD, EV 95.0 MPH)
|
| Bottom of the 7th over - 0 runs, 0 hits, 0 errors, 1 left on base; Baltimore 3 - Montreal 7 |
| TOP OF THE 8TH |
|
Baltimore Orioles batting - Pitching for Montreal Expos : RHP Cheng-ho Hsu
|
|
Pitching: RHP Joel Montenegro
|
|
|
Now at 1B: Mark Marvin
|
|
|
Batting: RHB Saimei Kudo
|
0-0: SOLO HOME RUN (Flyball, 9LD, EV 92.5 MPH), Distance : 327 ft
|
|
Batting: SHB Jason Hayes
|
0-0: Ball 1-0: Ball 2-0: Ball 3-0: Called Strike 3-1: Base on Balls
|
|
Batting: RHB Raul Mendoza
|
0-0: Ball 1-0: Called Strike 1-1: Ball 2-1: SINGLE (Groundball, 6D, EV 96.9 MPH) Jason Hayes to second Runner from 2nd tries for 3rd, SAFE after rundown.
|
|
Batting: RHB Travis Leonard
|
0-0: Grounds into double play, 5-4-3 (Groundball, 56, EV 96.2 MPH) Jason Hayes scores
|
|
Batting: SHB Eduardo Maldonado
|
0-0: Ball 1-0: Ball 2-0: Foul Ball, location: 2F 2-1: Called Strike 2-2: Ground out 1-4-3 (Groundball, 15S, EV 103.1 MPH)
|
| Top of the 8th over - 2 runs, 2 hits, 0 errors, 0 left on base; Baltimore 5 - Montreal 7 |
| BOTTOM OF THE 8TH |
|
Montreal Expos batting - Pitching for Baltimore Orioles : LHP Marko Emchenko
|
|
Pitching: RHP Hector Aguado
|
|
|
Batting: RHB Tommie Eaton
|
0-0: Called Strike 0-1: Ball 1-1: Fly out, F8 (Flyball, 78M, EV 67.5 MPH)
|
|
Batting: RHB Eugênio Asceno
|
0-0: Ball 1-0: Ball 2-0: Called Strike 2-1: Called Strike 2-2: Fly out, F8 (Line Drive, 8RM, EV 91.2 MPH)
|
|
Batting: RHB Danny Diaz
|
0-0: Ball 1-0: Called Strike 1-1: Swinging Strike 1-2: Ball 2-2: Ball 3-2: Base on Balls
|
|
Batting: RHB John Ham
|
0-0: Called Strike 0-1: Ball 1-1: Ball 2-1: Swinging Strike 2-2: Foul Ball, location: 2F 2-2: Ground out 4-3 (Groundball, 4, EV 101.2 MPH)
|
| Bottom of the 8th over - 0 runs, 0 hits, 0 errors, 1 left on base; Baltimore 5 - Montreal 7 |
| TOP OF THE 9TH |
|
Baltimore Orioles batting - Pitching for Montreal Expos : RHP Joel Montenegro
|
|
Pitching: RHP Jakub Kvacek
|
|
|
Now in LF: Bill McGregor
|
|
|
Batting: RHB Luis Ramos
|
0-0: Ball 1-0: Called Strike 1-1: Foul Ball, location: 2F 1-2: Foul Ball, location: 2F 1-2: SINGLE (Groundball, 6MD, EV 96.9 MPH)
|
|
Batting: SHB Robbie Rogers
|
0-0: Ball 1-0: Ball 2-0: Called Strike 2-1: Called Strike 2-2: Foul Ball, location: 2F 2-2: Strikes out swinging
|
|
Batting: RHB Bobby Ayala
|
0-0: Ball 1-0: Called Strike 1-1: Ball 2-1: Ball 3-1: Called Strike 3-2: Ground out 1-3 (Groundball, 13S, EV 66.9 MPH) Luis Ramos to second
|
|
Batting: RHB Rudo Garciaparra
|
0-0: Ball 1-0: Swinging Strike 1-1: Ball 2-1: Called Strike 2-2: Foul Ball, location: 2F 2-2: Foul Ball, location: 2F 2-2: Fly out, F4 (Line Drive, 4, EV 67.5 MPH)
|
| Top of the 9th over - 0 runs, 1 hit, 0 errors, 1 left on base; Baltimore 5 - Montreal 7 |
|